 Dungeon Crawl Stone Soup version 0.29.1-12-g30fa7ad0bf (webtiles) character file.

Game seed: 16058018511133327210

20925 fantasyman the Cleaver (level 12, -4/172 HPs)
             Began as a Minotaur Fighter on Dec 21, 2022.
             Was the Champion of Okawaru.
             Slain by Rupert
             ... wielding a +3 vorpal battleaxe
              (5 damage)
             ... on level 2 of the Orcish Mines.
             The game lasted 00:23:23 (11303 turns).

fantasyman the Cleaver (Minotaur Fighter)          Turns: 11303, Time: 00:23:24

Health: -4/172     AC: 37    Str: 27    XL:     12   Next: 49%
Magic:  20/20      EV:  9    Int: 15    God:    Okawaru [******]
Gold:   1050       SH:  0    Dex: 16    Spells: 11/11 levels left

rFire   . . .      SeeInvis +   K - +6 executioner's axe "Giant's Toothpick" {flame, Str+3}
rCold   + . .      Faith    .   (shield currently unavailable)
rNeg    . . .      Spirit   .   I - +9 crystal plate armour of Hysteria {-Tele MP+9 Int+10 SInv}
rPois   +          Reflect  .   B - +0 hat {Stlth+}
rElec   .          Harm     .   h - +2 cloak
rCorr   .          Rampage  .   (no gloves)
Will    +....      NoTele   +   u - +1 pair of boots of Niaros {rPois rC+ Dex+4}
Stlth   ..........              k - amulet of regeneration
HPRegen 1.18/turn               g - ring of willpower
MPRegen 0.17/turn               (no ring)

@: berserking, very quick
A: horns 2, retaliatory headbutt
a: Renounce Religion, Heroism, Finesse, Duel


You were on level 2 of the Orcish Mines.
You worshipped Okawaru.
Okawaru was exalted by your worship.
You visited 3 branches of the dungeon, and saw 14 of its levels.

You collected 1050 gold pieces.

Inventory:

Hand Weapons
 o - the +2 mace of Hevvom {flame, rC+ Will+ Str+4}
   (You found it on level 2 of the Dungeon)

   It burns those it strikes, dealing additional fire damage.
   Str:       It affects your strength (+4).
   rC:        It protects you from cold.
   Will:      It increases your willpower.
 x - a +1 vorpal broad axe
 C - a +1 broad axe
 D - a +4 vampiric hand axe
 K - the +6 executioner's axe "Giant's Toothpick" (weapon) {flame, Str+3}
   (Okawaru gifted it to you on level 1 of the Orcish Mines)

   It burns those it strikes, dealing additional fire damage.
   Big, fiery blades are also staple armaments of hydra-hunters.
   Str:       It affects your strength (+3).
Armour
 c - a +0 buckler
 h - a +2 cloak (worn)
 u - the +1 pair of boots of Niaros (worn) {rPois rC+ Dex+4}
   (Okawaru gifted it to you on level 8 of the Dungeon)

   Dex:       It affects your dexterity (+4).
   rC:        It protects you from cold.
   rPois:     It protects you from poison.
 B - a +0 hat of stealth (worn)
 I - the +9 crystal plate armour of Hysteria (worn) {-Tele MP+9 Int+10 SInv}
   (Okawaru gifted it to you on level 10 of the Dungeon)

   Int:       It affects your intelligence (+10).
   MP:        It affects your magic capacity (+9).
   SInv:      It lets you see invisible.
   -Tele:     It prevents most forms of teleportation.
 L - a +1 kite shield of poison resistance
Jewellery
 g - a ring of willpower (left hand)
 k - an amulet of regeneration (around neck)
 q - a ring of wizardry
 w - the amulet "Biusiutimo" {Spirit rF++}
   (You found it on level 4 of the Dungeon)

   [amulet of guardian spirit]

   It causes incoming damage to be divided between your reserves of health and
   magic.
   rF:        It greatly protects you from fire.
 F - a ring of flight
 N - a ring of protection from cold
Wands
 a - a wand of digging (4)
 b - a wand of iceblast (6)
 t - a wand of flame (67)
 A - a wand of mindburst (18)
Scrolls
 f - 2 scrolls of butterflies
 m - 6 scrolls of identify
 s - 3 scrolls of magic mapping
 y - 6 scrolls of teleportation
 G - a scroll of enchant armour
Potions
 d - 2 potions of might
 e - 12 potions of curing
 i - 2 potions of attraction
 j - 2 potions of flight
 l - 2 potions of magic
 n - a potion of resistance {unknown}
 p - 5 potions of brilliance
 r - a potion of heal wounds
 v - a potion of degeneration
 z - 2 potions of lignification
 J - a potion of invisibility {unknown}
Miscellaneous
 E - a piece from Xom's chessboard (15/15)


   Skills:
 * Level 13.2 Fighting
 * Level 13.7 Axes
 * Level 13.4 Armour
 - Level 8.3 Dodging
 - Level 6.7 Shields


You had 11 spell levels left.
You didn't know any spells.
Your spell library contained the following spells:

 Spells                   Type           Power      Damage    Failure   Level
 Necrotise                Necr           0%         1d4       100%        1
 Shock                    Conj/Air       0%         1d3       100%        1
 Sublimation of Blood     Necr           0%         N/A       100%        2
 Portal Projectile        Hex/Tloc       0%         N/A       100%        3
 Swiftness                Air            0%         N/A       100%        3
 Vampiric Draining        Necr           0%         2d6       100%        3
 Airstrike                Air            0%         2d(0-16)  100%        4
 Petrify                  Tmut/Erth      0%         N/A       100%        4
 Agony                    Necr           0%         N/A       100%        5
 Blade Hands              Tmut           0%         N/A       100%        5
 Irradiate                Conj/Tmut      0%         3d11      100%        5
 Lightning Bolt           Conj/Air       0%         1d11      100%        5
 Tukima's Dance           Hex            Unusable   N/A       N/A         3
 Summon Lightning Spire   Summ/Air       Unusable   N/A       N/A         4

Dungeon Overview and Level Annotations

Branches:
Dungeon (11/15)            Temple (1/1) D:5            Lair (0/5) D:8
    Orc (2/2) D:11
    Elf: Orc:2

Altars:
Ashenzari
Cheibriados
Dithmenos
Elyvilon
Fedhas
Gozag
Hepliaklqana
Kikubaaqudgha
Makhleb
Nemelex Xobeh
Okawaru
Qazlal
Ru
Sif Muna
Trog
Uskayaw
Vehumet
Wu Jian
Xom
Yredelemnul
Zin
The Shining One

Shops:
D:3 (

Annotations:
Orc:2 Rupert


Innate Abilities, Weirdness & Mutations

You have a pair of horns on your head.
You reflexively headbutt those who attack you in melee.


Message History

Key pressed, stopping explore.
No target in view!
No target in view!
Rupert the Wild comes into view.
He is wielding a +3 vorpal battleaxe.
Rupert shouts!
Rupert moves out of view.
You now have 1050 gold pieces (gained 24).
Rupert is nearby!
Rupert roars madly and goes into a rage!
Rupert goes berserk!
Rupert is nearby!
Rupert hits you with a +3 vorpal battleaxe.
You slice Rupert like a ripe choko!!! You burn Rupert.
Rupert is moderately wounded.
Rupert hits you with a +3 vorpal battleaxe.
Rupert hits you but does no damage.
You hit Rupert. You burn Rupert. Your headbutt misses Rupert.
Rupert is moderately wounded.
Rupert hits you with a +3 vorpal battleaxe!!
You slice Rupert!! You burn Rupert. Your headbutt misses Rupert.
Rupert is moderately wounded.
Rupert hits you with a +3 vorpal battleaxe.
Rupert hits you with a +3 vorpal battleaxe!!
* * * LOW HITPOINT WARNING * * *
x2 You are too injured to fight recklessly!
A red film seems to cover your vision as you go berserk!
You feel yourself moving faster!
You feel mighty!
Rupert hits you with a +3 vorpal battleaxe.
* * * LOW HITPOINT WARNING * * *
x2 Rupert hits you with a +3 vorpal battleaxe!
* * * LOW HITPOINT WARNING * * *
x2 You closely miss Rupert.
Rupert is moderately wounded.
Rupert hits you with a +3 vorpal battleaxe!
* * * LOW HITPOINT WARNING * * *
x2 You barely miss Rupert.
Rupert is moderately wounded.
Rupert hits you with a +3 vorpal battleaxe!
* * * LOW HITPOINT WARNING * * *
You die...

.........#.............
........................
........................
........##..............
.......##.......##.....#
..............##........
.......#................
.......................#
................@@......
........................
..................#.....
........................
.................... ...
....# ...........#.# ..
..... .##.....##### #
.#..# ##.#.# #####


You could see Rupert (berserk).

Vanquished Creatures
  Gastronok (D:8)
  Donald (Orc:2)
  Erolcha (D:11)
  4 two-headed ogres
  Pikel (D:8)
  2 orc knights (Orc:1)
  A cyclops (D:11)
  Joseph (D:7)
  2 gargoyles
  Maggie (D:7)
  An unseen horror (D:11)
  2 komodo dragons (D:11)
  2 kobold demonologists (D:11)
  4 trolls
  Prince Ribbit (D:8)
  4 wraiths
  2 wyverns
  3 shadows
  13 yaks
  3 steam dragons
  Edmund (D:5)
  4 wargs
  An acid dragon (D:9)
  A water moccasin (D:7)
  2 ice beasts
  13 orc warriors
  6 sky beasts
  6 ogres
  2 centaurs
  4 kobold brigands
  6 bullfrogs
  3 gnoll sergeants
  3 scorpions
  A necrophage (D:5)
  11 wights
  13 killer bees
  A howler monkey (D:5)
  3 hounds
  2 jellies (D:7)
  A gnoll bouda (D:9)
  11 orc priests
  Crazy Yiuf (D:5)
  4 iguanas
  17 orc wizards
  19 gnolls
  11 adders
  2 white imps (D:5)
  An ufetubus (D:5)
  A worm (D:3)
  2 dart slugs
  72 orcs
  4 bats
  5 endoplasms
  2 giant cockroaches
  4 goblins
  7 hobgoblins
  3 jackals (D:3)
  3 quokkas (D:1)
  6 ball pythons
  3 frilled lizards
  19 kobolds
  5 rats
336 creatures vanquished.

Vanquished Creatures (others)
  An orc warrior (D:10)
  4 fungi (D:5)
  2 plants (D:5)
7 creatures vanquished.

Grand Total: 343 creatures vanquished

Notes
Turn   | Place    | Note
-------+----------+-------------------------------------------
     0 | D:1      | fantasyman the Minotaur Fighter began the quest for the
                  | Orb.
     0 | D:1      | Reached XP level 1. HP: 19/19 MP: 0/0
   183 | D:1      | Reached XP level 2. HP: 27/27 MP: 1/1
  1209 | D:2      | Identified the +2 mace of Hevvom {flame, rC+ Will+ Str+4}
  1293 | D:2      | Reached XP level 3. HP: 33/33 MP: 2/2
  1351 | D:2      | Reached XP level 4. HP: 40/40 MP: 3/3
  1358 | D:2      | Found a broken altar of Ashenzari.
  1437 | D:2      | Found a faded altar of an unknown god.
  1756 | D:3      | Found Oleutse's Antique Weapon Boutique.
  1823 | D:3      | Noticed an ogre
  1828 | D:3      | Killed an ogre
  1829 | D:3      | Reached skill level 5 in Axes
  1829 | D:3      | Reached XP level 5. HP: 47/47 MP: 4/4
  2219 | D:3      | Found a bloodstained altar of Trog.
  2334 | D:4      | Reached skill level 5 in Fighting
  2334 | D:4      | Reached XP level 6. HP: 54/56 MP: 5/5
  2445 | D:4      | Reached skill level 5 in Armour
  2831 | D:4      | Identified the amulet "Biusiutimo" {Spirit rF++}
  3117 | D:5      | Entered Level 5 of the Dungeon
  3204 | D:5      | Reached XP level 7. HP: 61/61 MP: 6/6
  3306 | D:5      | Found a staircase to the Ecumenical Temple.
  3319 | Temple   | Entered the Ecumenical Temple
  3319 | Temple   | Found a transporter.
  3319 | Temple   | Found a transporter.
  3322 | Temple   | Found a transporter.
  3322 | Temple   | Found a transporter.
  3370 | Temple   | Became a worshipper of Warmaster Okawaru
  3617 | D:5      | Noticed Edmund
  3644 | D:5      | Killed Edmund
  3801 | D:5      | Found a shadowy altar of Dithmenos.
  3879 | D:5      | Reached XP level 8. HP: 71/71 MP: 7/7
  3888 | D:5      | Reached * piety under Okawaru
  3983 | D:5      | Found a runed translucent door.
  3984 | D:5      | Noticed Crazy Yiuf
  3992 | D:5      | Killed Crazy Yiuf
  4827 | D:6      | Reached ** piety under Okawaru
  5278 | D:7      | Noticed Joseph
  5291 | D:7      | Killed Joseph
  5292 | D:7      | Reached skill level 10 in Armour
  5292 | D:7      | Reached XP level 9. HP: 44/82 MP: 8/8
  5350 | D:7      | Reached skill level 1 in Dodging
  5375 | D:7      | Found a hide-covered altar of Uskayaw.
  5377 | D:7      | Found a shimmering blue altar of Sif Muna.
  5397 | D:7      | Reached *** piety under Okawaru
  5481 | D:7      | Found a burning altar of Makhleb.
  6097 | D:7      | Noticed Maggie
  6105 | D:7      | Killed Maggie
  6289 | D:7      | Found a runed translucent door.
  6360 | D:7      | Reached **** piety under Okawaru
  6366 | D:7      | Reached skill level 10 in Fighting
  6435 | D:7      | Reached XP level 10. HP: 93/93 MP: 9/9
  6622 | D:8      | Found a hazy altar of Hepliaklqana.
  6751 | D:8      | Found a staircase to the Lair.
  7159 | D:8      | Noticed Gastronok
  7190 | D:8      | Killed Gastronok
  7190 | D:8      | Reached ***** piety under Okawaru
  7190 | D:8      | Identified the +1 pair of boots of Niaros {rPois rC+ Dex+4}
                  | (Okawaru gifted it to you on level 8 of the Dungeon)
  7190 | D:8      | Received a gift from Okawaru
  7191 | D:8      | Reached skill level 5 in Dodging
  7191 | D:8      | Reached skill level 5 in Shields
  7411 | D:8      | Noticed Pikel
  7433 | D:8      | Killed Pikel
  7566 | D:8      | Noticed Prince Ribbit
  7575 | D:8      | Killed Prince Ribbit
  8100 | D:9      | Reached XP level 11. HP: 100/102 MP: 10/10
  8573 | D:10     | Entered Level 10 of the Dungeon
  8688 | D:10     | Found a glowing golden altar of the Shining One.
  8928 | D:10     | Noticed a two-headed ogre
  8945 | D:10     | Killed a two-headed ogre
  8945 | D:10     | Identified the +9 crystal plate armour of Hysteria {-Tele
                  | MP+9 Int+10 SInv} (Okawaru gifted it to you on level 10 of
                  | the Dungeon)
  8945 | D:10     | Received a gift from Okawaru
  8946 | D:10     | Reached skill level 10 in Axes
  9020 | D:10     | Noticed a two-headed ogre
  9039 | D:10     | Killed a two-headed ogre
  9047 | D:10     | Noticed a two-headed ogre
  9070 | D:10     | Killed a two-headed ogre
  9642 | D:11     | Noticed a two-headed ogre
  9651 | D:11     | Killed a two-headed ogre
  9744 | D:11     | Found a staircase to the Orcish Mines.
  9946 | D:11     | Reached XP level 12. HP: 113/113 MP: 11/11
 10043 | D:11     | Noticed Erolcha
 10057 | D:11     | Killed Erolcha
 10531 | Orc:1    | Entered Level 1 of the Orcish Mines
 10583 | Orc:1    | Identified the +6 executioner's axe "Giant's Toothpick"
                  | {flame, Str+3} (Okawaru gifted it to you on level 1 of the
                  | Orcish Mines)
 10583 | Orc:1    | Received a gift from Okawaru
 10761 | Orc:2    | Entered Level 2 of the Orcish Mines
 10766 | Orc:2    | Noticed Donald
 10782 | Orc:2    | Killed Donald
 10783 | Orc:2    | Reached ****** piety under Okawaru
 11293 | Orc:2    | Noticed Rupert
 11303 | Orc:2    | HP: 1/172 [Rupert/+3 vorpal battleaxe (16)]
 11303 | Orc:2    | Slain by Rupert

Illustrated notes

Levels and vault maps discovered:
D:1:      lemuel_arrival_tunnels, layout_basic, minmay_pentomino_o2
D:2:      layout_rooms, nicolae_ecumenical_snake_handling, basic_altar
D:3:      layout_basic, trog_three_pillars_becter, serial_shops,
          nicolae_shop_hallway_stairs
D:4:      layout_basic
D:5:      layout_basic, lemuel_tele_altar, minmay_temple_entry_gardened_gates,
          uniq_edmund, uniq_crazy_yiuf_cottage
D:6:      layout_basic, minivault_11
D:7:      layout_loops_ring, jmf_multi_god_temple, overflow_temple_1_default,
          hangedman_decor_slide_cut, grunt_ministairs_11,
          chequers_serial_rivers_small_3, lightli_church_of_beogh, uniq_joseph,
          uniq_maggie
D:8:      layout_gridville, mainiacjoe_overflow_small_starburst,
          dpeg_oklobed_lair, uniq_gastronok, uniq_pikel, uniq_prince_ribbit1
D:9:      layout_basic
D:10:     minmay_recursive_quarters, layout_basic,
          mainiacjoe_overflow_concentric_impassable,
          amcnicky_mini_rare_corridor_liquid
D:11:     layout_loops_corners, david_orc_3, serial_glass, glass_columns_a,
          glass_columns_a, kennysheep_generic_room_7, uniq_erolcha
Temple:   hellmonk_temple_divided_pantheon
Orc:1:    layout_caves
Orc:2:    grunt_orc_cross, layout_caves, special_room, basic_altar,
          mines2_lemuel, uniq_rupert, uniq_donald

Skill      XL: |  1  2  3  4  5  6  7  8  9 10 11 12 |
---------------+-------------------------------------+-----
Axes           | 3 4 5 6 7 8 12 13 | 13.7
Fighting       | 4 5 6 8 10 11 12 13 | 13.2
Armour         | 4 5 7 10 11 12 13 | 13.4
Dodging        | 3 7 8 |  8.3
Shields        | 4 6 |  6.7

Action                   |  1- 3 |  4- 6 |  7- 9 | 10-12 || total
-------------------------+-------+-------+-------+-------++-------
Melee: War axe           |    37 |       |       |       ||    37
       Headbutt          |     4 |    13 |    63 |   138 ||   218
       Mace              |    22 |    97 |   290 |   155 ||   564
       Hand axe          |       |       |       |   405 ||   405
       Executioner's axe |       |       |       |    45 ||    45
  Use: Scroll            |     5 |     2 |    10 |     2 ||    19
       Potion            |       |       |       |     5 ||     5
 Stab: Sleeping          |       |       |       |     5 ||     5
Armor: Scale mail        |    16 |    42 |    66 |       ||   124
       Steam dragon scal |       |       |    70 |   103 ||   173
       Crystal plate arm |       |       |       |   172 ||   172
Dodge: Dodged            |    29 |    58 |   106 |   345 ||   538
Block: Buckler           |    15 |    24 |    56 |   140 ||   235
